 Dungeon Crawl Stone Soup version 0.19.0 (webtiles) character file.

1101355 Danakh the Axe Maniac (level 27, 0/224 HPs)
             Began as a Demonspawn Fighter on Nov 9, 2016.
             Was the Champion of Hepliaklqana.
             Killed from afar by a quicksilver dragon (17 damage)
             ... with a bolt of dispelling energy
             ... summoned by the Serpent of Hell
             ... on level 7 of Gehenna on Nov 11, 2016.
             The game lasted 09:20:44 (102958 turns).

Danakh the Axe Maniac (Demonspawn Fighter)        Turns: 102958, Time: 09:20:48

Health: 0/224      AC: 65    Str: 43    XL:     27
Magic:  0/36       EV:  9    Int:  9    God:    Hepliaklqana [******]
Gold:   10396      SH: 38    Dex:  7    Spells: 1 memorised, 38 levels left

rFire  + + +     SeeInvis +     S - +12 war axe of a wizard's laboratory {freeze, rElec rN+ Str+4}
rCold  + + +     Gourm    .     H - +9 armour of the Dragon King {rPois rF+ rC+ MR+}
rNeg   + + +     Faith    .     u - +8 large shield {AC+3}
rPois  +         Spirit   +     L - +1 helmet of Xom's Reproof {Str+4 Int-3 SInv}
rElec  +         Reflect  .     b - +2 cloak {+Inv}
rCorr  +         Harm     .     (gloves unavailable)
MR     ++++.                    X - +2 pair of boots of Juabrock {Regen+ Str+5 Dex-5 SInv}
Stlth  ..........               N - amulet "Olehur" {+Rage rN++ MR+ Str+4 Dex-2}
                                J - ring of Robustness {AC+8}
                                o - ring "Dades" {rC++ AC+3}

@: resistant (expiring), studying 2 skills
A: reduced essence, claws 3, molten scales 3, demonic guardian 3, negative
energy resistance 1, sense surroundings 1, poison resistance, electricity
resistance, 50% torment resistance, magic shield, magic regeneration, magic
link, black mark
a: Recall Ancestor, Ancestor Identity, Transference, Idealise, Renounce
Religion, Evoke Berserk Rage, Evoke Invisibility
}: 9/15 runes: barnacled, slimy, silver, golden, iron, icy, bone, abyssal,
gossamer


You were on level 7 of Gehenna.
You worshipped Hepliaklqana.
Hepliaklqana was exalted by your worship.
You were not hungry.

You visited 17 branches of the dungeon, and saw 89 of its levels.
You visited the Abyss 4 times.
You visited 1 bazaar.
You visited 1 ziggurat, and saw 16 of its levels.
You also visited: Labyrinth and Ossuary.

You collected 15397 gold pieces.
You spent 5001 gold pieces at shops.

Inventory:

Hand Weapons
 a - the +14 obsidian axe {chop, +Fly SInv *Curse}
   (You found it on level 3 of the Depths)

   It inflicts extra damage upon your enemies.
   It lets you see invisible.
   It lets you fly.
   It may re-curse itself when equipped.
 S - the +12 war axe of a wizard's laboratory (weapon) {freeze, rElec rN+ Str+4}
   (You found it on level 3 of the Tomb of the Ancients)

   It has been specially enchanted to freeze those struck by it, causing extra
   injury to most foes and up to half again as much damage against particularly
   susceptible opponents.
   It can also slow down cold-blooded creatures.
   It affects your strength (+4).
   It insulates you from electricity.
   It protects you from negative energy.
Armour
 b - a +2 cloak of invisibility (worn)
 u - a +8 large shield of protection (worn)
 z - a +2 pair of boots of running
 H - the +9 armour of the Dragon King (worn) {rPois rF+ rC+ MR+}
   (You found it on level 3 of the Elven Halls)

   It protects you from fire.
   It protects you from cold.
   It protects you from poison.
   It affects your resistance to hostile enchantments.
 L - the +1 helmet of Xom's Reproof (worn) {Str+4 Int-3 SInv}
   (You found it on level 7 of the Iron City of Dis)

   It affects your strength (+4).
   It affects your intelligence (-3).
   It lets you see invisible.
 X - the +2 pair of boots of Juabrock (worn) {Regen+ Str+5 Dex-5 SInv}
   (You found it on level 3 of the Depths)

   It affects your strength (+5).
   It affects your dexterity (-5).
   It lets you see invisible.
   It increases your rate of regeneration.
Jewellery
 m - the amulet "Hasuesor" {rN+ Regen+ Stlth+}
   (You bought it in a shop on level 1 of the Elven Halls)

   [amulet of regeneration]

   It protects you from negative energy.
   It increases your rate of regeneration.
   It makes you more stealthy.
 o - the ring "Dades" (left claw) {rC++ AC+3}
   (You took it off a tengu conjurer on level 15 of the Dungeon)

   [ring of protection]

   It affects your AC (+3).
   It greatly protects you from cold.
 B - an uncursed ring of resist corrosion
 J - the ring of Robustness (right claw) {AC+8}
   (You found it on level 13 of a ziggurat)

   [ring of protection]

   It affects your AC (+8).
 N - the amulet "Olehur" (around neck) {+Rage rN++ MR+ Str+4 Dex-2}
   (You took it off a white draconian on level 4 of the Realm of Zot)

   [amulet of rage]

   It affects your strength (+4).
   It affects your dexterity (-2).
   It greatly protects you from negative energy.
   It affects your resistance to hostile enchantments.
   It lets you go berserk.
Wands
 c - a wand of heal wounds (5/9)
 d - a wand of teleportation (7/9)
 g - a wand of teleportation (1/9)
 w - a wand of teleportation (5/9)
 C - a wand of iceblast (3/15)
 Q - a wand of iceblast (7/15)
 Y - a wand of digging (9/24)
Scrolls
 h - 8 scrolls of immolation
 i - 2 scrolls of summoning
 p - 5 scrolls of silence
 r - 25 scrolls of teleportation
 s - 31 scrolls of remove curse
 v - 16 scrolls of fog
 y - 7 scrolls of fear
 F - 14 scrolls of blinking
 G - 44 scrolls of identify
 I - 9 scrolls of holy word
 M - 10 scrolls of recharging
 P - 15 scrolls of magic mapping
Potions
 e - 13 potions of lignification
 l - 28 potions of curing
 n - 4 potions of agility
 q - a potion of might
 x - 6 potions of magic
 A - 8 potions of cancellation
 D - 5 potions of flight
 E - a potion of cure mutation
 K - 3 potions of haste
 O - 9 potions of brilliance
 R - a potion of heal wounds
 T - 3 potions of resistance
 U - 5 potions of ambrosia
 V - 4 potions of berserk rage
Books
 j - a manual of Charms
 t - a manual of Invocations
Comestibles
 f - 3 bread rations
 k - 44 meat rations


   Skills:
 O Level 27 Fighting
 O Level 27 Axes
 O Level 27 Armour
 O Level 27 Shields
 + Level 6.9 Spellcasting
 + Level 17.2 Invocations
 - Level 19.0 Evocations


You had 38 spell levels left.
You knew the following spells:

 Your Spells              Type           Power        Failure   Level  Hunger
p - Apportation           Tloc           #.........   73%         1    None


Dungeon Overview and Level Annotations

Branches:
Dungeon (15/15)            Temple (0/1) D:4            Lair (6/6) D:8
 Shoals (4/4) Lair:4       Spider (4/4) Lair:2        Slime (5/5) Lair:5
    Orc (2/2) D:10            Elf (3/3) Orc:2        Vaults (5/5) D:14
  Crypt (3/3) Vaults:2       Tomb (3/3) Crypt:3      Depths (5/5) D:15
   Hell (1/1)                 Dis (7/7) Hell            Geh (7/7) Hell
    Coc (7/7) Hell            Tar (7/7) Hell            Zot (5/5) Depths:5

Altars:
Elyvilon
Fedhas
Hepliaklqana
Kikubaaqudgha
Nemelex Xobeh
Okawaru
Qazlal
Ru
Trog
Uskayaw
Xom
Yredelemnul
The Shining One
Beogh
Lugonu

Shops:
D:6 :   D:9 :   Orc:1 :*   Orc:2 }!![   Elf:1 =}=   Elf:3 [=**   Vaults:3 :?
Vaults:4 ??%   Depths:5 **}[:

Portals:
Hell: Depths:1 Depths:2 Depths:3 Depths:4 Depths:5
Abyss: Depths:4
Pandemonium: Depths:1 Depths:3 Depths:4

Annotations:
D:10 4 runed doors
Shoals:4 Ilsuiw
Geh:7 Serpent of
Hell
Coc:7 exclusion: ice statue
Zot:5 1 exclusion


Innate Abilities, Weirdness & Mutations

You have claws for hands.
You are completely covered in molten scales. (AC +4, rF+)
A powerful demonic guardian rushes to your aid.
You resist negative energy. (rN+)
You are somewhat able to resist unholy torments (1 in 2 success).
When hurt, damage is shared between your health and your magic reserves.
You regenerate magic rapidly.
When low on magic, you restore magic in place of health.
Your melee attacks may debilitate your foes.
Your life essence is reduced. (-10% HP)
You passively map a small area around you.
Your system is resistant to poisons. (rPois)
You are resistant to electric shocks. (rElec)


Message History

The Serpent of Hell completely resists.
The bolt of fire hits you! You resist.
* * * LOW HITPOINT WARNING * * *
You block the Serpent of Hell's attack. x5
Evoke which item? (* to show all) (? for menu, Esc to quit)
Zapping:
c - a wand of heal wounds (6/9)
Press: ? - help, Shift-Dir - straight line, f - you You feel much better.
This wand has 5 charges left.
The quicksilver dragon roars deafeningly!
You block the Serpent of Hell's attack. x2; The Serpent of Hell bites you!
* * * LOW HITPOINT WARNING * * *
You are engulfed in flames.
You resist.
* * * LOW HITPOINT WARNING * * *
The Serpent of Hell closely misses you. The Serpent of Hell barely misses you.
The hellion gestures at you.
The sphere of damnation explodes!
The damnation engulfs you!
* * * LOW HITPOINT WARNING * * *
The quicksilver dragon breathes dispelling energy at you.
The bolt of dispelling energy hits you!
Your magical effects are unravelling.
You die...

* ,.$ ,, #..5# ##..3.....
, ,' , *#..## #........≈ '
#' , #.'## #.......§≈ #. ,
,*#'''# #......§§§ #''
**##'.# #.....§≈≈§
####'2########..#
#......≈≈§ ,,
....2ZZ22D'##...#
#...)...§§ ,
.....32.2'''....#
#......≈≈≈
,......12##D@....#
#.....≈≈§§ *
''##''############
#....§§≈≈§ * ' #'
#....≈§≈≈§ ## $.,,
############..≈≈§§§≈≈ .##
$.,,
##.......†R....≈≈≈≈≈≈≈
..##*#,,
##...........§..§≈≈≈§≈≈
...## *
##....§....≈....≈§≈≈≈≈≈≈
§...##
#.....§§≈..≈≈≈.§§§≈§≈≈≈≈
§§≈§.#
*#§≈.§.§≈≈≈§≈..§≈≈≈≈§§§§≈≈


You could see the Serpent of Hell, a quicksilver dragon, 2 reapers, a balrug, a
sun demon, 3 hellions, a fire dragon zombie and an iron dragon zombie.

Vanquished Creatures
  the Royal Jelly (Slime:5)
  Antaeus (Coc:7)
  Dissolution (Slime:2)
  Ereshkigal (Tar:7)
  Dispater (Dis:7)
  4 ancient liches
  Khufu (Crypt:1)
  Mennas (Vaults:5)
  The ghost of Punkdog the Slayer, a legendary MiFi of Hepliaklqana (Tomb:1)
  3 juggernauts
  29 greater mummies
  Sojobo (Depths:1)
  3 shard shrikes
  Saint Roka (Depths:1)
  Margery (Crypt:1)
  3 Killer Klowns
  13 golden dragons
  Geryon (Hell)
  2 curse toes (Zot:3)
  Jory (Crypt:3)
  8 bone dragons
  Jorgrun (Spider:3)
  10 Brimstone Fiends
  A doom hound (Tar:2)
  19 Tzitzimimeh
  17 tentacled monstrosities
  An electric golem (Zot:1)
  8 iron giants (Dis:7)
  Rupert (Lair:3)
  9 liches
  10 Hell Sentinels
  5 Orb Guardians (Zot:5)
  16 Ice Fiends
  Asterion (Elf:3)
  3 titans
  4 quicksilver dragons
  3 deep elf blademasters
  2 deep elf master archers (Elf:3)
  4 tentacled starspawn
  33 acid blobs
  A kraken (Shoals:3)
  An Executioner (Dis:1)
  7 death cobs
  5 eldritch tentacles
  13 ancient champions
  Gastronok (D:10)
  4 sphinxes
  7 storm dragons
  Kirke (Spider:2)
  8 shadow dragons
  Donald (Vaults:4)
  The ghost of dsb250 the Severer, an adept DsBe of Trog (Spider:1)
  A daeva (Abyss:3)
  15 azure jellies
  The ghost of Kaishin the Sorcerer, an adept SpEn of Sif Muna (Vaults:5)
  3 revenants
  13 frost giants
  15 draconian monks
  9 draconian knights
  A fire giant (shapeshifter) (Zig:10)
  6 fire giants
  14 vault wardens
  7 iron dragons
  5 draconian scorchers
  8 tengu reavers
  11 deep elf sorcerers
  5 curse skulls
  6 draconian zealots
  4 cacodemons
  7 emperor scorpions
  3 orc warlords
  Louise (Elf:2)
  6 ghouls
  7 ghost moths
  A caustic shrike zombie (Zig:13)
  11 balrugs
  4 draconian shifters
  A deep elf elementalist (Elf:3)
  3 elemental wellsprings (Coc:7)
  5 draconian callers
  10 ironheart preservers
  23 very ugly things
  4 draconian annihilators
  2 juggernaut skeletons
  3 entropy weavers
  23 stone giants
  7 war gargoyles
  46 reapers
  10 green draconians
  A caustic shrike skeleton (Crypt:1)
  A stone giant (shapeshifter) (Zig:10)
  7 black draconians
  7 vampire knights
  6 red draconians
  5 bennus
  6 deep elf demonologists
  Nessos (D:14)
  7 deep elf annihilators
  4 lorocyprocas
  7 purple draconians
  6 mottled draconians
  14 yellow draconians
  7 white draconians
  Azrael (Elf:1)
  13 blizzard demons
  2 spark wasps
  5 eidola
  15 deep elf death magi
  9 ettins
  13 ogre magi
  5 jiangshi
  5 fire dragons
  9 death oozes
  11 merfolk impalers
  4 quicksilver dragon zombies
  9 great orbs of eyes
  3 green deaths
  24 mummy priests
  A minotaur (Lab)
  7 yaktaur captains
  7 rakshasas
  6 deep elf high priests
  Fannar (Lair:3)
  6 merfolk javelineers
  A monstrous demonspawn (Depths:1)
  29 vault guards
  2 kraken zombies
  Harold (D:11)
  A quicksilver dragon skeleton (Depths:2)
  6 hydras
  3 spriggan air magi (Depths:5)
  Erica (D:9)
  5 merfolk aquamancers
  17 ice dragons
  An alligator snapping turtle (shapeshifter) (D:15)
  A ghost crab (Tar:1)
  7 death knights
  2 merfolk avatars
  2 alligator snapping turtles
  38 death scarabs
  The ghost of edsrzf the Covert, a journeyman DEHu of Gozag (D:10)
  2 queen ants (shapeshifter)
  2 catoblepae
  9 centaur warriors
  21 dancing weapons
  6 titan zombies
  8 deep troll shamans
  6 vampire magi
  9 death yaks
  6 tengu warriors
  10 hell hogs
  42 hell knights
  5 deep troll earth magi
  3 iron golems
  7 spriggan berserkers
  2 spriggans
  An orc high priest (Orc:2)
  14 soul eaters
  6 thrashing horrors
  7 storm dragon zombies
  19 deep elf knights
  A shock serpent (shapeshifter) (Depths:1)
  17 iron trolls
  19 sun demons
  14 shadow wraiths
  A fire crab (D:15)
  A death drake (shapeshifter) (Vaults:4)
  3 sixfirhies
  5 titan skeletons
  65 skeletal warriors
  A wretched star (Abyss:5)
  A spatial maelstrom (Abyss:5)
  2 golden dragon zombies (Zig:13)
  6 storm dragon skeletons
  8 unseen horrors
  19 deep trolls
  9 sea snakes
  A spark wasp zombie (Zig:11)
  8 flayed ghosts
  4 wizards
  7 anaconda zombies
  6 shadow demons
  A golden dragon skeleton (Geh:7)
  10 deep elf archers
  6 hill giants
  2 glowing orange brains
  22 necromancers
  An obsidian statue (Zig:15)
  12 phantasmal warriors
  2 tengu zombies
  12 orb spiders
  11 ironbrand convokers
  6 frost giant zombies
  25 wolf spiders
  6 anaconda skeletons
  5 shadow dragon zombies
  20 harpies
  12 large abominations
  A mana viper (shapeshifter) (D:15)
  A manticore (shapeshifter) (Depths:5)
  15 orc knights
  8 wolf spider zombies
  3 iron dragon zombies
  10 orc sorcerers
  52 deep elf magi
  A faun (shapeshifter) (Vaults:4)
  3 tengu skeletons
  A salamander (D:15)
  A worldbinder (Abyss:3)
  9 shining eyes
  7 fauns
  5 stone giant zombies
  5 shadow dragon skeletons
  8 fire giant zombies
  6 oklob plants
  46 ugly things
  20 moths of wrath
  6 manticores
  4 sphinx skeletons (Depths:2)
  7 dire elephant zombies
  7 cyclopes
  4 iron dragon skeletons
  6 elephants
  8 frost giant skeletons
  22 starcursed masses
  3 spriggan zombies
  4 stone giant skeletons
  20 vault sentinels
  A shock serpent zombie (Coc:3)
  2 sirens
  Maurice (D:11)
  A black mamba (shapeshifter) (Vaults:1)
  3 water nymphs
  A black mamba (Lair:2)
  A guardian serpent (Abyss:2)
  36 rust devils
  6 fire giant skeletons
  5 orange demons
  5 titan simulacra
  6 torpor snails
  4 smoke demons
  8 molten gargoyles
  5 gargoyles
  2 apocalypse crabs
  3 elf zombies
  6 storm dragon simulacra (Coc:7)
  3 kobold demonologists (D:13)
  2 catoblepas zombies
  A red draconian zombie (Crypt:1)
  7 spiny frogs
  A shock serpent skeleton (Coc:2)
  13 hellions
  3 rime drakes
  2 emperor scorpion zombies
  A komodo dragon (shapeshifter) (Vaults:2)
  11 demonic crawlers
  3 efreet
  22 tormentors
  A dire elephant skeleton (Tar:2)
  19 freezing wraiths
  28 yaktaurs
  6 anaconda simulacra (Coc:7)
  15 hydra zombies
  30 ice devils
  3 human skeletons
  20 red devils
  59 guardian mummies
  6 komodo dragons
  4 spriggan skeletons (Depths:2)
  3 ancient zymes
  3 silent spectres
  6 tengu conjurers
  A sea snake skeleton (Crypt:1)
  10 trolls
  A harpy zombie (Geh:3)
  4 meliai (Abyss:5)
  17 merfolk
  A meliai (shapeshifter) (Vaults:1)
  A golden dragon simulacrum (Tomb:3)
  A minotaur zombie (Tar:7)
  Grinder (D:5)
  29 jumping spiders
  A hornet (shapeshifter) (Vaults:2)
  A jumping spider (shapeshifter) (Vaults:2)
  4 tyrant leeches (Spider:4)
  2 hydra skeletons
  6 wind drakes
  14 hornets
  2 polar bears (shapeshifter)
  5 snapping turtles
  15 two-headed ogres
  4 ettin zombies
  16 bog bodies
  109 slime creatures
  A dream sheep (shapeshifter) (Elf:2)
  2 harpy skeletons
  2 ice dragon zombies
  12 raiju
  7 blink frogs (Lair:6)
  2 alligator zombies (Coc:6)
  4 fire dragon zombies
  A frost giant simulacrum (Depths:4)
  5 dream sheep (Lair:5)
  7 hippogriffs
  6 ynoxinuls
  A hippogriff (shapeshifter) (Depths:4)
  3 ice dragon skeletons
  6 ettin skeletons
  132 flying skulls
  12 air elementals
  18 shadows
  37 yaks
  5 wyverns
  40 redbacks
  A satyr skeleton (Crypt:2)
  A vampire (D:13)
  17 tarantellas
  19 water elementals
  2 fire dragon skeletons
  24 wraiths
  A fire bat (Abyss:2)
  52 fire elementals
  9 golden eyes (Slime:2)
  3 hogs (Spider:2)
  3 hogs (shapeshifter)
  6 humans (D:10)
  A black mamba skeleton (Geh:7)
  15 ushabtiu
  3 vampire mosquitoes (D:15)
  A steam dragon (D:11)
  4 hungry ghosts
  6 wargs
  A catoblepas simulacrum (Abyss:4)
  4 mottled dragons
  An infernal demonspawn zombie (Crypt:2)
  A merfolk zombie (Coc:6)
  A spatial vortex (Abyss:5)
  A swamp worm (shapeshifter) (Vaults:4)
  3 swamp worms (Lair:4)
  10 spiny frog zombies
  2 hydra simulacra (Coc:7)
  2 merfolk skeletons
  2 floating eyes
  9 water moccasins
  52 hell hounds
  4 porcupines
  A gelid demonspawn skeleton (Crypt:2)
  A spiny frog skeleton (Coc:7)
  An eye of draining (shapeshifter) (Vaults:1)
  45 orc warriors
  A sky beast (D:9)
  A hornet zombie (D:15)
  7 eyes of draining
  3 ice beasts
  4 manticore zombies
  5 phantoms
  A tengu (shapeshifter) (Vaults:2)
  An ice dragon simulacrum (Abyss:2)
  3 black bears
  4 snapping turtle zombies
  6 wolves
  13 necrophages
  A swamp dragon zombie (Geh:5)
  47 ogres
  3 boggarts (Vaults:2)
  2 snapping turtle skeletons
  5 crocodiles
  7 elf skeletons
  A manticore skeleton (Coc:7)
  20 centaurs
  2 big kobolds
  3 human zombies
  A salamander zombie (Crypt:2)
  15 bullfrogs
  A spiny frog simulacrum (Coc:2)
  A warg zombie (Crypt:2)
  11 earth elementals
  A scorpion (D:4)
  A water moccasin zombie (Crypt:3)
  4 small abominations
  A polar bear zombie (Crypt:1)
  21 killer bees
  60 wights
  9 howler monkeys
  5 electric eels
  5 crimson imps
  7 centaur zombies
  2 bullfrog zombies
  2 demonspawn zombies
  3 quasits
  A human simulacrum (Vaults:2)
  7 centaur skeletons
  12 jellies
  28 orc priests
  6 hounds
  23 iron imps
  3 hell rats (Lair:6)
  5 iguanas
  37 orc wizards
  A lightning spire (Zig:7)
  4 worker ants
  2 big kobold zombies (Ossuary)
  A naga zombie (Tomb:3)
  A deep dwarf zombie (Crypt:3)
  A hound zombie (D:11)
  A naga skeleton (Crypt:1)
  A mottled dragon skeleton (Crypt:1)
  2 ogre skeletons
  A hound skeleton (D:5)
  38 mummies
  A howler monkey zombie (D:5)
  3 gnolls (D:8)
  A howler monkey skeleton (D:9)
  A steam dragon zombie (Crypt:1)
  12 adders
  12 shadow imps
  10 white imps
  An adder zombie (D:9)
  2 adder skeletons
  3 dart slugs
  4 leopard geckos
  105 orcs
  8 bats
  7 giant cockroaches
  3 hobgoblins
  5 jackals
  13 kobolds
  8 quokkas
  2 ball pythons (D:1)
  A frilled lizard (D:2)
  3 goblins
  A goblin skeleton (Crypt:2)
  2 goblin zombies (D:7)
  4 hobgoblin zombies (Ossuary)
  An orc skeleton (Geh:7)
  An orc zombie (Dis:7)
  A quokka zombie (D:5)
  2 rats (D:1)
  6 crawling corpses
  3 fungi
  A lurking horror (Abyss:2)
  5 plants
  6 starspawn tentacles (Abyss:3)
  5 tentacles
3692 creatures vanquished.

Vanquished Creatures (collateral kills)
  4 ancient liches
  11 greater mummies
  Bai Suzhen (Depths:1)
  A curse toe (Zot:5)
  A Killer Klown (Zig:10)
  2 pandemonium lords (Zig:10)
  3 golden dragons (Zot:3)
  The ghost of PurpleRed the Severer, an adept HuBe of Trog (Vaults:3)
  A bone dragon (Depths:2)
  An iron giant (Dis:7)
  4 Tzitzimimeh
  4 liches
  An electric golem (Zot:5)
  4 Brimstone Fiends
  2 doom hounds (Tar:7)
  4 tentacled monstrosities
  3 Ice Fiends
  2 quicksilver dragons
  An Orb Guardian (Zot:5)
  2 deep elf blademasters
  2 titans (Vaults:5)
  15 acid blobs
  2 tentacled starspawn
  4 sphinxes
  An eldritch tentacle (Dis:7)
  5 ancient champions
  2 shadow dragons
  2 storm dragons (Zot:2)
  7 azure jellies
  3 tengu reavers
  2 revenants
  3 draconian monks
  2 draconian knights
  5 frost giants
  2 deep elf sorcerers (Elf:3)
  A draconian scorcher (Zot:4)
  3 vault wardens (Vaults:5)
  2 fire giants
  5 iron dragons
  2 cacodemons (Dis:7)
  4 balrugs
  2 deep elf elementalists (Elf:3)
  4 ghost moths
  4 draconian shifters
  A ghoul (Vaults:4)
  13 reapers
  3 draconian annihilators
  7 very ugly things
  6 stone giants
  A vampire knight (Zig:8)
  3 black draconians
  2 war gargoyles
  3 deep elf demonologists
  3 green draconians
  3 bennus (Tomb:2)
  A dire elephant (D:15)
  A purple draconian (Zot:2)
  A deep elf annihilator (D:15)
  2 spark wasps
  2 white draconians
  8 yellow draconians
  6 mottled draconians
  4 red draconians
  3 blizzard demons (Coc:7)
  3 eidola
  2 ettins
  10 mummy priests
  A crystal guardian (Vaults:4)
  A death ooze (Slime:5)
  4 great orbs of eyes
  2 deep elf death magi
  2 jiangshi
  3 fire dragons
  3 deep elf high priests
  A kraken zombie (Hell)
  6 yaktaur captains
  3 merfolk impalers
  2 hydras (Lair:6)
  4 vault guards
  Josephine (Lair:5)
  11 ice dragons
  2 rakshasas
  2 quicksilver dragon skeletons
  A spriggan air mage (Depths:3)
  A centaur warrior (Depths:2)
  An alligator (Lair:4)
  2 catoblepae (Lair:6)
  A merfolk aquamancer (Shoals:4)
  3 dancing weapons
  3 vampire magi
  14 death scarabs
  5 hell hogs
  2 death yaks (Lair:5)
  A titan zombie (Zig:14)
  3 thrashing horrors (Abyss:4)
  A satyr (Zig:3)
  2 deep troll shamans
  A tengu warrior (D:14)
  4 deep elf knights
  3 soul eaters
  2 iron golems
  5 sun demons
  A storm dragon zombie (Tar:5)
  4 titan skeletons
  2 wretched stars (Abyss:5)
  25 skeletal warriors
  2 shadow wraiths
  6 unseen horrors
  2 golden dragon zombies
  10 hell knights
  2 iron trolls
  5 sea snakes
  3 glowing orange brains
  4 deep trolls
  2 shadow demons (Tar:7)
  An anaconda zombie (Dis:7)
  4 flayed ghosts
  A ghost moth zombie (Dis:7)
  A shadow dragon zombie (Geh:2)
  3 wizards
  2 deep elf archers
  A tengu zombie (Zig:13)
  A swamp dragon (Lair:4)
  A hill giant (D:15)
  A kraken simulacrum (Coc:7)
  14 harpies
  A golden dragon skeleton (Depths:2)
  6 necromancers
  3 wolf spiders
  13 orb spiders
  4 orc knights
  A hell hog zombie (Crypt:2)
  6 orc sorcerers
  Pikel (D:5)
  An anaconda skeleton (Hell)
  2 ironbrand convokers (Vaults:3)
  6 ugly things
  13 deep elf magi
  2 oklob plants
  2 iron dragon zombies
  4 frost giant zombies
  10 cyclopes
  A tengu skeleton (Zig:12)
  9 fauns
  5 moths of wrath
  3 fire giant zombies
  7 manticores
  A sphinx skeleton (Depths:2)
  4 elephants
  An iron dragon skeleton (Depths:2)
  2 starcursed masses (Abyss:4)
  2 ice statues (Coc:7)
  A dire elephant zombie (Geh:7)
  3 sirens
  Joseph (D:8)
  A fire giant skeleton (Zig:11)
  5 rust devils
  A frost giant skeleton (Coc:5)
  A shock serpent zombie (Dis:7)
  2 smoke demons
  2 black mambas
  A stone giant skeleton (Geh:4)
  A titan simulacrum (Coc:7)
  3 water nymphs
  A centaur skeleton (D:14)
  2 torpor snails
  2 orange demons
  2 storm dragon simulacra (Coc:7)
  8 spiny frogs
  3 vault sentinels
  An eye of devastation (Slime:3)
  A catoblepas zombie (Geh:7)
  A molten gargoyle (Geh:7)
  4 demonic crawlers
  2 komodo dragons (Lair:1)
  13 tormentors
  4 hellions
  5 ice devils
  8 freezing wraiths
  14 guardian mummies
  An ancient zyme (Abyss:4)
  9 yaktaurs
  A meliai (Abyss:5)
  3 trolls
  9 jumping spiders
  16 merfolk
  3 hydra zombies
  15 red devils
  A queen bee (Abyss:5)
  2 two-headed ogres
  A harpy zombie (Coc:7)
  2 wind drakes
  23 slime creatures
  2 raiju
  5 bog bodies
  2 fire dragon zombies
  4 hornets
  2 blink frogs (Lair:6)
  5 dream sheep
  11 hippogriffs
  2 snapping turtles
  A frost giant simulacrum (Vaults:3)
  3 elf zombies
  An ice dragon zombie (Geh:6)
  3 ettin zombies
  A centaur simulacrum (D:14)
  An alligator skeleton (Coc:7)
  27 flying skulls
  7 large abominations
  12 redbacks
  2 fire dragon skeletons
  7 shadows
  10 tarantellas
  23 yaks
  A spriggan (Depths:5)
  12 ushabtiu
  6 wraiths
  A ynoxinul (Abyss:2)
  An ice dragon skeleton (Coc:3)
  7 water elementals
  A vampire (D:10)
  A wyvern (Lair:6)
  2 humans (D:10)
  Eustachio (D:5)
  6 chaos spawn
  13 fire elementals
  A mottled dragon (Vaults:2)
  A vampire mosquito (D:15)
  3 hungry ghosts
  2 basilisks
  A neqoxec (Abyss:3)
  2 wargs
  A hydra simulacrum (Hell)
  17 hell hounds
  3 water moccasins
  Edmund (D:4)
  2 snapping turtle zombies
  2 porcupines (Lair:4)
  A floating eye (Depths:5)
  4 black bears
  9 orc warriors
  2 swamp dragon zombies
  2 sky beasts (D:14)
  A small abomination (Abyss:4)
  3 eyes of draining
  A black mamba simulacrum (Coc:7)
  5 necrophages
  4 ice beasts
  2 phantoms
  3 boggarts
  10 ogres
  2 wolves (Lair:2)
  7 centaurs
  8 crocodiles
  A snapping turtle skeleton (Geh:5)
  2 earth elementals (Zig:6)
  A wyvern zombie (D:13)
  5 bullfrogs
  6 jellies
  A polar bear zombie (Crypt:1)
  A troll zombie (Crypt:3)
  13 killer bees
  12 wights
  4 electric eels
  A polar bear skeleton (Crypt:3)
  4 crimson imps
  A bullfrog zombie (D:11)
  2 hounds (D:10)
  12 orc wizards
  Crazy Yiuf (D:5)
  4 centaur zombies
  7 orc priests
  7 iron imps
  A human skeleton (Geh:2)
  A hell rat (Lair:6)
  8 worker ants
  A hound skeleton (Crypt:3)
  18 mummies
  An adder (D:11)
  7 white imps
  An ufetubus (Abyss:3)
  An adder skeleton (D:7)
  An adder zombie (D:7)
  A worm (D:3)
  A leopard gecko (D:10)
  24 orcs
  2 giant cockroaches
  A jackal (D:5)
  5 kobolds
  4 quokkas
  A kobold skeleton (Geh:4)
  A crawling corpse (Elf:3)
  3 plants
  3 starspawn tentacles
  3 tentacles
1172 creatures vanquished.

Vanquished Creatures (others)
  An electric golem (Zot:3)
  An eldritch tentacle (Dis:7)
  A ghost moth (Zig:15)
  A reaper (Dis:7)
  A stone giant (Depths:1)
  A blizzard demon (Coc:7)
  A yaktaur captain (Depths:3)
  2 merfolk aquamancers (Shoals:4)
  8 death scarabs
  A deep elf knight (Vaults:4)
  A deep elf mage (Elf:1)
  A moth of wrath (Zot:5)
  A shock serpent skeleton (Geh:6)
  A hellion (Geh:7)
  A demonic crawler (Hell)
  A yaktaur (Depths:2)
  A jumping spider (Zig:15)
  A harpy skeleton (Geh:1)
  An ettin zombie (Geh:1)
  An ice dragon zombie (Tomb:2)
  10 flying skulls
  3 hell hounds
  3 slaves (D:5)
  A phantom (D:5)
  2 wights (Abyss:2)
  A howler monkey (D:7)
  A starcursed mass (Abyss:5)
  2 crimson imps (D:7)
  An iron imp (Dis:7)
  An iguana (D:5)
  An orc wizard (Orc:2)
  59 knights
  5 mummies (Tomb:2)
  An ancestor (D:3)
  An orc (Depths:1)
  6 fungi
  A lurking horror (Abyss:3)
  12 plants
  12 starspawn tentacles
  33 tentacles
184 creatures vanquished.

Grand Total: 5048 creatures vanquished

Notes
Turn   | Place    | Note
-------+----------+-------------------------------------------
     0 | D:1      | Danakh the Demonspawn Fighter began the quest for the Orb.
     0 | D:1      | Reached XP level 1. HP: 18/18 MP: 1/1
    10 | D:1      | Noticed an electric eel
   147 | D:1      | Gained mutation: A weak demonic guardian rushes to your aid. [demonic ancestry]
   147 | D:1      | Reached XP level 2. HP: 10/24 MP: 2/2
   950 | D:2      | Reached XP level 3. HP: 27/29 MP: 3/3
  1061 | D:2      | Found an ancient bone altar of Kikubaaqudgha.
  1540 | D:3      | Gained mutation: When hurt, damage is shared between your health and your magic reserves. [demonic ancestry]
  1540 | D:3      | Reached XP level 4. HP: 28/35 MP: 4/4
  1606 | D:3      | Found a faded altar of an unknown god.
  1614 | D:3      | Became a worshipper of Hepliaklqana the Forgotten
  1614 | D:3      | Reached * piety under Hepliaklqana
  2067 | D:3      | Gained mutation: You have sharp fingernails. [demonic ancestry]
  2067 | D:3      | Reached XP level 5. HP: 36/36 MP: 5/5
  2295 | D:4      | Noticed Edmund
  2303 | D:4      | Killed Edmund
  2343 | D:4      | Reached XP level 6. HP: 43/43 MP: 6/6
  2424 | D:4      | Found a staircase to the Ecumenical Temple.
  2485 | D:4      | Found a sparkling altar of Nemelex Xobeh.
  2497 | D:4      | Reached ** piety under Hepliaklqana
  2498 | D:4      | Remembered your ancestor Nindada as a knight
  2891 | D:5      | Entered Level 5 of the Dungeon
  2935 | D:5      | Found a runed door.
  2939 | D:5      | Noticed Crazy Yiuf
  2945 | D:5      | Killed Crazy Yiuf
  3386 | D:5      | Noticed a slave
  3387 | D:5      | Noticed Pikel
  3388 | D:5      | Noticed a slave
  3389 | D:5      | Noticed a slave
  3390 | D:5      | Noticed a slave
  3404 | D:5      | Killed Pikel
  3404 | D:5      | Gained mutation: You have very sharp fingernails. [demonic ancestry]
  3404 | D:5      | Reached XP level 7. HP: 32/49 MP: 4/7
  3574 | D:5      | Reached skill level 5 in Axes
  3652 | D:5      | Noticed Grinder
  3666 | D:5      | Killed Grinder
  3666 | D:5      | Reached skill level 5 in Fighting
  3742 | D:5      | Noticed Eustachio
  3769 | D:5      | Killed Eustachio
  3769 | D:5      | Gained mutation: You have claws for hands. [demonic ancestry]
  3769 | D:5      | Reached XP level 8. HP: 50/55 MP: 6/8
  3916 | D:5      | Got a faintly humming leather armour
  3929 | D:5      | Identified the cursed +1 leather armour "Ruesyph" {rN+} (You found it on level 5 of the Dungeon)
  4276 | D:5      | Reached skill level 5 in Shields
  4500 | D:6      | Found a sacrificial altar of Ru.
  4589 | D:6      | Learned a level 1 spell: Apportation
  4601 | D:6      | Reached skill level 5 in Armour
  4921 | D:6      | Reached *** piety under Hepliaklqana
  5234 | D:6      | Found a hide-covered altar of Uskayaw.
  5350 | D:6      | Found a hazy altar of Hepliaklqana.
  5429 | D:6      | Found Xufet's Book Shoppe.
  5753 | D:7      | Found a sand-covered staircase.
  5794 | Ossuary  | Entered an ossuary
  5803 | Ossuary  | Gained mutation: You regenerate magic rapidly. [demonic ancestry]
  5803 | Ossuary  | Reached XP level 9. HP: 23/62 MP: 3/9
  6209 | D:7      | Found a blossoming altar of Fedhas.
  6393 | D:7      | Found a stormy altar of Qazlal.
  6618 | D:8      | Found a staircase to the Lair.
  6757 | D:8      | HP: 2/62 [orc warrior/long sword (14)]
  7381 | D:8      | Found a bloodstained altar of Trog.
  7467 | D:8      | Noticed a four-headed hydra
  7482 | D:8      | Killed a four-headed hydra
  7832 | D:8      | Got a fabulously ornate robe
  7881 | D:8      | Gained mutation: You are partially covered in molten scales. (AC +2) [demonic ancestry]
  7881 | D:8      | Reached XP level 10. HP: 37/71 MP: 6/10
  8377 | D:8      | Noticed Joseph
  8390 | D:8      | Killed Joseph
  8884 | D:9      | Found Ifozaej's Book Shop.
  8884 | D:9      | Reached **** piety under Hepliaklqana
  8929 | D:9      | Gained mutation: You are resistant to hostile enchantments. (MR+) [mutagenic meat]
  8930 | D:9      | Gained mutation: Your body sometimes deteriorates upon taking damage. [mutagenic meat]
  8931 | D:9      | Gained mutation: You are clumsy. (Dex -2) [mutagenic meat]
  8932 | D:9      | Gained mutation: Your magical capacity is low. (-10% MP) [mutagenic meat]
  8933 | D:9      | Gained mutation: You evolve. [mutagenic meat]
  8965 | D:9      | Noticed Erica
  9018 | D:8      | Gained mutation: Your muscles are strong. (Str +2) [evolution]
  9203 | D:9      | Killed Erica
  9261 | D:9      | Found a white marble altar of Elyvilon.
  9265 | D:9      | Found a sparkling altar of Nemelex Xobeh.
  9391 | D:9      | Reached skill level 10 in Axes
  9397 | D:9      | Reached skill level 1 in Invocations
 10023 | D:10     | Entered Level 10 of the Dungeon
 10023 | D:10     | Found a basalt altar of Yredelemnul.
 10032 | D:10     | Noticed a gargoyle
 10035 | D:10     | Reached XP level 11. HP: 77/77 MP: 10/10
 10078 | D:10     | Noticed edsrzf's ghost (journeyman DEHu)
 10315 | D:10     | Killed edsrzf's ghost
 10499 | D:10     | Killed an unseen horror
 11064 | D:11     | Paralysed by a hornet for 1 turns
 11901 | D:11     | Noticed Harold
 11901 | D:11     | Noticed Maurice
 11916 | D:11     | Killed Harold
 11944 | D:11     | Killed Maurice
 12191 | D:10     | Found a staircase to the Orcish Mines.
 12224 | D:10     | Found a runed door.
 12276 | D:10     | Found a runed door.
 12278 | D:10     | Noticed Gastronok
 12321 | D:10     | Reached skill level 5 in Invocations
 12384 | D:10     | Killed Gastronok
 12384 | D:10     | Reached XP level 12. HP: 42/85 MP: 9/14
 12625 | D:10     | Found a large runed door.
 12626 | D:10     | Found a large runed door.
 12628 | D:10     | Found a large runed door.
 12646 | D:10     | Found a large runed door.
 12815 | D:10     | Gained mutation: Your system is resistant to poisons. (rPois) [evolution]
 12938 | Lair:1   | Entered Level 1 of the Lair of Beasts
 13792 | Lair:2   | Found a hole to the Spider Nest.
 14274 | Lair:2   | Reached ***** piety under Hepliaklqana
 14395 | Lair:2   | Got a steaming scale mail
 15522 | Lair:3   | Noticed Rupert
 15598 | Lair:3   | Paralysed by Rupert for 7 turns
 15645 | Lair:3   | Killed Rupert
 15645 | Lair:3   | Reached skill level 10 in Fighting
 15645 | Lair:3   | Gained mutation: You are mostly covered in molten scales. (AC +3) [demonic ancestry]
 15645 | Lair:3   | Reached XP level 13. HP: 42/92 MP: 8/17
 15973 | Lair:3   | Noticed Fannar
 16017 | Lair:3   | Killed Fannar
 16347 | Lair:3   | Gained mutation: You have sharp toenails. [evolution]
 16727 | Lair:3   | Identified the +1 scale mail of Ishy {rF+} (You found it on level 2 of the Lair of Beasts)
 16737 | Lair:3   | Identified the cursed +1 robe of Sunlight {rF+ Str-4 Stlth+} (You found it on level 8 of the Dungeon)
 17734 | Lair:4   | Found a staircase to the Shoals.
 19226 | Lair:5   | Found a staircase to the Slime Pits.
 19417 | Lair:6   | Entered Level 6 of the Lair of Beasts
 19728 | Lair:6   | Reached skill level 10 in Armour
 19789 | Lair:6   | Noticed Josephine
 19819 | Lair:5   | Reached skill level 10 in Shields
 20095 | Lair:5   | Killed Josephine
 21095 | Lair:6   | Gained mutation: When low on magic, you restore magic in place of health. [demonic ancestry]
 21095 | Lair:6   | Reached XP level 14. HP: 99/99 MP: 19/19
 21125 | Lair:6   | Reached skill level 10 in Invocations
 21183 | Lair:6   | Gained mutation: Your spells are a little easier to cast, but a little less powerful. [evolution]
 23836 | Lair:6   | Identified a scroll of acquirement
 24282 | Lair:6   | Lost mutation: Your magical capacity is low. (-10% MP) [evolution]
 24483 | Orc:1    | Entered Level 1 of the Orcish Mines
 24561 | Orc:1    | Found Luce Toe's Book Boutique.
 24579 | Orc:1    | Found Cyanal's Commerce Corner.
 24579 | Orc:1    | Found a roughly hewn altar of Beogh.
 24695 | Orc:2    | Entered Level 2 of the Orcish Mines
 24695 | Orc:2    | Found a staircase to the Elven Halls.
 24703 | Orc:2    | Found a labyrinth entrance.
 24729 | Lab      | Entered a labyrinth
 24998 | Lab      | Got a steaming amber ring
 24999 | Lab      | Got a transparent arbalest
 25009 | Lab      | Identified the ring "Qyokhezea" {rPois MR+ Stlth+} (You took it off a minotaur in a labyrinth)
 25323 | Orc:2    | Noticed a stone giant
 25612 | Orc:1    | Killed a stone giant
 26151 | Orc:1    | Noticed a stone giant
 26574 | Orc:2    | Found Iryguofo's Distillery.
 26575 | Orc:2    | Found Juc Rowo's Gadget Shop.
 26576 | Orc:2    | Found Puiwkel's Distillery.
 26579 | Orc:2    | Found Amusiet's Armour Boutique.
 26745 | Orc:2    | Bought a potion of agility for 56 gold pieces
 26745 | Orc:2    | Bought 2 potions of mutation for 70 gold pieces
 26747 | Orc:2    | Bought a potion of heal wounds for 80 gold pieces
 26747 | Orc:2    | Lost mutation: Your muscles are strong. (Str +2) [potion of mutation]
 26747 | Orc:2    | Lost mutation: Your spells are a little easier to cast, but a little less powerful. [potion of mutation]
 26892 | Lair:1   | Reached XP level 15. HP: 101/107 MP: 23/23
 26951 | Shoals:1 | Entered Level 1 of the Shoals
 28496 | Shoals:1 | Reached skill level 15 in Axes
 29557 | Shoals:2 | Cast into level 2 of the Abyss (merfolk impaler)
 29881 | Abyss:2  | HP: 3/108 [raiju/living lightning (12)]
 29900 | Abyss:2  | HP: 2/108 [raiju/living lightning (14)]
 29952 | Abyss:2  | Reached ****** piety under Hepliaklqana
 29957 | Abyss:2  | Found a corrupted altar of Lugonu.
 30022 | Abyss:2  | Gained mutation: Your flesh is heat resistant. (rF+) [mutagenic meat]
 30023 | Abyss:2  | Gained mutation: You have a pair of small horns on your head. [mutagenic meat]
 30024 | Abyss:2  | Gained mutation: You are dopey. (Int -2) [mutagenic meat]
 30234 | Abyss:2  | Noticed a tentacled starspawn
 30246 | Abyss:2  | Killed a tentacled starspawn
 30248 | Shoals:2 | Escaped the Abyss
 31859 | Shoals:2 | Gained mutation: A demonic guardian rushes to your aid. [demonic ancestry]
 31859 | Shoals:2 | Reached XP level 16. HP: 107/116 MP: 22/25
 32111 | Shoals:3 | Got a steaming marble ring
 32113 | Shoals:3 | Identified the ring "Wuaddol" {*Tele rC+ Int+2} (You found it on level 3 of the Shoals)
 33862 | Shoals:3 | Noticed a kraken
 33902 | Shoals:3 | Killed a kraken
 34142 | Shoals:4 | Entered Level 4 of the Shoals
 34190 | Shoals:4 | Gained mutation: Your flesh is cold resistant. (rC+) [evolution]
 34792 | Shoals:4 | Noticed Ilsuiw
 35541 | Shoals:4 | Gained mutation: You possess an exceptional clarity of mind. [evolution]
 35551 | Shoals:4 | Got a transparent brass amulet
 35553 | Shoals:4 | Identified the amulet of Ukhlunti {Spirit Fragile rPois rN+ Slay+2} (You found it on level 4 of the Shoals)
 36483 | Shoals:4 | Got a barnacled rune of Zot
 37165 | D:12     | Gained mutation: You are completely covered in molten scales. (AC +4, rF+) [demonic ancestry]
 37165 | D:12     | Reached XP level 17. HP: 90/123 MP: 21/26
 37299 | D:12     | Found a bloodstained altar of Trog.
 37976 | D:13     | Found a corrupted altar of Lugonu.
 38365 | D:14     | Noticed Nessos
 38384 | D:14     | Killed Nessos
 39221 | D:14     | Found a gate to the Vaults.
 39526 | D:15     | Entered Level 15 of the Dungeon
 39826 | D:15     | Found a staircase to the Depths.
 40806 | D:15     | Noticed a lich
 40814 | D:15     | Killed a lich
 41487 | D:15     | Got a dazzling falchion {elec}
 41488 | D:15     | Identified the +7 falchion of Equilibrium {elec, rElec rN+ Dex+7} (You took it off a vampire knight on level 15 of the Dungeon)
 41715 | D:15     | Noticed a quicksilver dragon
 41715 | D:15     | an alligator snapping turtle changed into a quicksilver dragon
 41722 | D:15     | a quicksilver dragon changed into an alligator snapping turtle
 42328 | D:15     | Got a twitching lead ring
 42330 | D:15     | Identified the ring "Dades" {rC++ AC+3} (You took it off a tengu conjurer on level 15 of the Dungeon)
 42379 | D:15     | Noticed a lich
 42384 | D:15     | Killed a lich
 43118 | Spider:1 | Entered Level 1 of the Spider Nest
 43157 | Spider:1 | Noticed dsb250's ghost (adept DsBe)
 43168 | Spider:1 | Killed dsb250's ghost
 43669 | Spider:1 | Reached XP level 18. HP: 95/131 MP: 22/27
 44455 | Spider:2 | Noticed Kirke
 44463 | Spider:2 | Killed Kirke
 45156 | Spider:3 | Noticed Jorgrun
 45168 | Spider:3 | Killed Jorgrun
 46105 | Spider:4 | Entered Level 4 of the Spider Nest
 48752 | Spider:4 | Got a gossamer rune of Zot
 49013 | Elf:1    | Entered Level 1 of the Elven Halls
 49081 | Elf:1    | Gained mutation: You are resistant to electric shocks. (rElec) [evolution]
 49197 | Elf:1    | Found Enun Heu's Jewellery Shop.
 49197 | Elf:1    | Found Kickapso's Gadget Shoppe.
 49198 | Elf:1    | Found Kuphah's Jewellery Shop.
 49216 | Elf:1    | Bought a +6 ring of strength for 760 gold pieces
 49420 | Elf:1    | Gained mutation: You resist negative energy. (rN+) [demonic ancestry]
 49420 | Elf:1    | Reached XP level 19. HP: 131/138 MP: 28/28
 49450 | Elf:1    | Noticed Azrael
 49463 | Elf:1    | Killed Azrael
 49642 | Elf:1    | Identified the Almanac of Dislocated Attacks
 49681 | Elf:2    | Reached skill level 15 in Fighting
 49757 | Elf:2    | Found a flickering gateway to a bazaar.
 49764 | Bazaar   | Entered a bazaar
 49764 | Bazaar   | Found Gab Itun's Weapon Boutique.
 49764 | Bazaar   | Found Ziusm's Weapon Shop.
 49764 | Bazaar   | Found Jixenlee's Antique Armour Shop.
 49769 | Bazaar   | Got an iridescent dire flail
 49771 | Bazaar   | Bought a pair of glowing boots for 189 gold pieces
 49956 | Elf:2    | Noticed Louise
 49963 | Elf:2    | Killed Louise
 50089 | Elf:2    | Found a runed gate.
 50089 | Elf:2    | Found a runed gate.
 50090 | Elf:2    | Found a runed gate.
 50254 | Elf:2    | Found a runed door.
 50843 | Elf:3    | Entered Level 3 of the Elven Halls
 50843 | Elf:3    | Found Qutudoit's Antique Armour Boutique.
 50860 | Elf:3    | Noticed Asterion
 50880 | Elf:3    | Killed Asterion
 51066 | Elf:3    | Found Dot Nohuhei's Assorted Antiques.
 51203 | Elf:3    | Found Duipitz's Assorted Antiques.
 51208 | Elf:3    | Found Yqohygisor's Jewellery Shop.
 51505 | Elf:3    | Cast into level 3 of the Abyss (a deep elf sorcerer)
 51731 | Abyss:4  | Noticed a bone dragon
 51962 | Abyss:4  | Noticed an ancient lich
 52192 | Abyss:4  | Paralysed by accursed screaming for 1 turns
 52224 | Abyss:4  | Noticed a bone dragon
 52244 | Elf:3    | Escaped the Abyss
 52615 | Elf:3    | Killed a bone dragon
 52945 | Elf:1    | Bought the amulet "Hasuesor" {rN+ Regen+ Stlth+} for 616 gold pieces
 53136 | Elf:1    | Bought a wand of heal wounds (7/9) for 1188 gold pieces
 53255 | Elf:3    | Reached XP level 20. HP: 147/147 MP: 29/29
 53333 | Elf:3    | Reached skill level 15 in Shields
 53546 | Elf:3    | Reached skill level 15 in Armour
 54167 | Elf:3    | Got a bound graven amulet
 54169 | Elf:3    | Identified the amulet of the Castellan {Inacc +Inv Int+4} (You found it on level 3 of the Elven Halls)
 54179 | Elf:3    | Got a crude plate armour
 54190 | Elf:3    | Identified the +1 plate armour of Viesamoc {Int+4 Stlth+} (You found it on level 3 of the Elven Halls)
 54205 | Elf:3    | Got a twisted mace {flame}
 54206 | Elf:3    | Identified the +2 mace of the Vendetta {flame, rN+} (You took it off a deep elf annihilator on level 3 of the Elven Halls)
 54210 | Elf:3    | Got a fine whip
 54211 | Elf:3    | Identified the cursed +1 whip of Vanity {venom, rC+ Int-5 Stlth+} (You found it on level 3 of the Elven Halls)
 54761 | Vaults:1 | Entered Level 1 of the Vaults
 55767 | Vaults:1 | Lost mutation: You are clumsy. (Dex -2) [evolution]
 55767 | Vaults:1 | Lost mutation: You evolve. [end of evolution]
 56054 | Vaults:2 | Found a staircase to the Crypt.
 56111 | Vaults:2 | Reached XP level 21. HP: 154/154 MP: 30/30
 56183 | Crypt:1  | Entered Level 1 of the Crypt
 56205 | Crypt:1  | Noticed Khufu
 56208 | Crypt:1  | Noticed a greater mummy
 57308 | Vaults:3 | Found Kuda's Book Boutique.
 58093 | Vaults:3 | Noticed PurpleRed's ghost (adept HuBe)
 58348 | Vaults:3 | Killed PurpleRed's ghost
 58552 | Vaults:3 | Found Xecounny's Magic Scroll Emporium.
 58766 | Vaults:4 | Found Amunuleufu's Food Shoppe.
 59140 | Vaults:4 | Found Toygitus's Magic Scroll Shop.
 59179 | Vaults:4 | Found Usopp's Magic Scroll Emporium.
 59334 | Vaults:4 | Gained mutation: You are somewhat able to resist unholy torments (1 in 2 success). [demonic ancestry]
 59334 | Vaults:4 | Reached XP level 22. HP: 163/163 MP: 31/31
 59496 | Vaults:4 | Noticed Donald
 59512 | Vaults:4 | Killed Donald
 60006 | Vaults:4 | Bought a scroll of enchant armour for 75 gold pieces
 60037 | Vaults:4 | Bought a scroll of enchant armour for 142 gold pieces
 60540 | Lair:4   | Cast into level 5 of the Abyss (a distortion unwield)
 60540 | Abyss:5  | Entered Level 5 of the Abyss
 60540 | Abyss:5  | Found a corrupted altar of Lugonu.
 60608 | Abyss:5  | Got an abyssal rune of Zot
 60663 | Abyss:5  | Paralysed by accursed screaming for 2 turns
 60718 | Lair:4   | Escaped the Abyss
 60852 | Slime:1  | Entered Level 1 of the Pits of Slime
 60881 | Slime:1  | Gained mutation: You are very dopey. (Int -4) [a shining eye]
 61057 | Slime:1  | Gained mutation: Your magical capacity is low. (-10% MP) [a shining eye]
 61489 | Slime:3  | Gained mutation: You are clumsy. (Dex -2) [a shining eye]
 61499 | Slime:3  | Noticed Dissolution
 61504 | Slime:3  | Gained mutation: Scrolls take you a little longer to read. [a shining eye]
 61539 | Slime:2  | Killed Dissolution
 61996 | Slime:2  | Gained mutation: You regenerate slowly when monsters are visible. [a shining eye]
 62006 | Slime:2  | Gained mutation: You expend magic power (3 MP) to strengthen your wands. [a shining eye]
 62007 | Slime:2  | Gained mutation: You are very clumsy. (Dex -4) [a shining eye]
 62429 | Vaults:5 | Entered Level 5 of the Vaults
 62436 | Vaults:4 | Cast into level 3 of the Abyss (vault guard)
 62843 | Vaults:4 | Escaped the Abyss
 63069 | Vaults:5 | Noticed Kaishin's ghost (adept SpEn)
 63074 | Vaults:4 | Gained mutation: Your melee attacks may debilitate your foes. [demonic ancestry]
 63074 | Vaults:4 | Reached XP level 23. HP: 160/171 MP: 26/28
 63227 | Vaults:5 | Killed Kaishin's ghost
 63586 | Vaults:5 | Got a warped emerald amulet
 63588 | Vaults:5 | Identified the amulet "Yxi Torepe" {Harm *Contam *Drain Str+4 Int+5 Dex+3} (You took it off a deep elf death mage on level 5 of the Vaults)
 63640 | Vaults:5 | Noticed an ancient lich
 63644 | Vaults:5 | Killed an ancient lich
 63883 | Vaults:5 | Noticed an ancient lich
 63895 | Vaults:5 | Killed an ancient lich
 63978 | Vaults:5 | Got a bloodstained plate armour
 63999 | Vaults:4 | Identified the cursed +1 plate armour of the Farrier {Str+4} (You took it off a vault warden on level 5 of the Vaults)
 64112 | Vaults:5 | Noticed Mennas
 64152 | Vaults:5 | Killed Mennas
 64213 | Vaults:5 | Noticed an ancient lich
 64230 | Vaults:5 | Killed an ancient lich
 64449 | Vaults:5 | Got a silver rune of Zot
 64581 | Vaults:5 | Reached XP level 24. HP: 162/179 MP: 27/28
 65204 | Crypt:1  | Noticed Margery
 65223 | Crypt:1  | Killed a greater mummy
 65233 | Crypt:1  | Killed Khufu
 65243 | Crypt:1  | Killed Margery
 67172 | Crypt:3  | Entered Level 3 of the Crypt
 67172 | Crypt:3  | Noticed Jory
 67205 | Crypt:3  | Killed Jory
 67280 | Crypt:3  | Found a staircase to the Tomb.
 67802 | Crypt:3  | Noticed a greater mummy
 67812 | Crypt:3  | Killed a greater mummy
 69162 | Slime:5  | Entered Level 5 of the Pits of Slime
 69196 | Slime:5  | Reached XP level 25. HP: 124/176 MP: 23/28
 69203 | Slime:5  | Noticed the Royal Jelly
 70115 | Slime:3  | Gained mutation: You are weak. (Str -2) [a shining eye]
 70128 | Slime:3  | Gained mutation: You are frail. (-10% HP) [a shining eye]
 70735 | Slime:5  | Killed the Royal Jelly
 70999 | Slime:5  | Got a slimy rune of Zot
 71089 | Slime:5  | Lost mutation: Your system is resistant to poisons. (rPois) [a shining eye]
 71129 | Slime:5  | Identified the Incunabulum of Toxins and Hexes
 71186 | Slime:5  | Identified a +0 pair of boots of running (You found it on level 5 of the Pits of Slime)
 71512 | Slime:5  | Lost mutation: Your body sometimes deteriorates upon taking damage. [potion of cure mutation]
 71512 | Slime:5  | Lost mutation: You are frail. (-10% HP) [potion of cure mutation]
 71512 | Slime:5  | Lost mutation: You possess an exceptional clarity of mind. [potion of cure mutation]
 71512 | Slime:5  | Lost mutation: You are resistant to hostile enchantments. (MR+) [potion of cure mutation]
 71512 | Slime:5  | Lost mutation: Your flesh is cold resistant. (rC+) [potion of cure mutation]
 71512 | Slime:5  | Lost mutation: You are very dopey. (Int -4) [potion of cure mutation]
 71513 | Slime:5  | Lost mutation: You are dopey. (Int -2) [potion of cure mutation]
 71513 | Slime:5  | Lost mutation: You are very clumsy. (Dex -4) [potion of cure mutation]
 71513 | Slime:5  | Lost mutation: You regenerate slowly when monsters are visible. [potion of cure mutation]
 71513 | Slime:5  | Lost mutation: You are weak. (Str -2) [potion of cure mutation]
 71513 | Slime:5  | Lost mutation: You have a pair of small horns on your head. [potion of cure mutation]
 71514 | Slime:5  | Lost mutation: You are clumsy. (Dex -2) [potion of cure mutation]
 71514 | Slime:5  | Lost mutation: You expend magic power (3 MP) to strengthen your wands. [potion of cure mutation]
 71514 | Slime:5  | Lost mutation: Your flesh is heat resistant. (rF+) [potion of cure mutation]
 71514 | Slime:5  | Lost mutation: Your magical capacity is low. (-10% MP) [potion of cure mutation]
 71514 | Slime:5  | Lost mutation: Scrolls take you a little longer to read. [potion of cure mutation]
 71514 | Slime:5  | Lost mutation: You have sharp toenails. [potion of cure mutation]
 71731 | Orc:1    | Bought a potion of cure mutation for 375 gold pieces
 72699 | Elf:3    | Bought a glowing helmet for 420 gold pieces
 73152 | Tomb:1   | Entered Level 1 of the Tomb of the Ancients
 73529 | Tomb:1   | Noticed a greater mummy
 73809 | Tomb:1   | Killed a greater mummy
 73824 | Tomb:1   | Noticed an ancient lich
 73844 | Tomb:1   | Killed an ancient lich
 74323 | Tomb:2   | Noticed a greater mummy
 74323 | Tomb:2   | Noticed a greater mummy
 74328 | Tomb:2   | Noticed a greater mummy
 74330 | Tomb:2   | Noticed an ancient lich
 74506 | Tomb:1   | Killed a greater mummy
 74654 | Tomb:1   | Killed an ancient lich
 74747 | Tomb:1   | Killed a greater mummy
 74852 | Tomb:1   | Killed a greater mummy
 74852 | Tomb:1   | Reached XP level 26. HP: 179/189 MP: 32/32
 75634 | Tomb:1   | Noticed a greater mummy
 75652 | Tomb:1   | Killed a greater mummy
 75669 | Tomb:1   | Noticed a greater mummy
 75671 | Tomb:1   | Noticed a greater mummy
 75677 | Tomb:1   | Killed a greater mummy
 75681 | Tomb:1   | Noticed a greater mummy
 75689 | Tomb:1   | Killed a greater mummy
 75861 | Tomb:1   | Killed a greater mummy
 75863 | Tomb:1   | Noticed a greater mummy
 75869 | Tomb:1   | Noticed a greater mummy
 75872 | Tomb:1   | Noticed a greater mummy
 75874 | Tomb:1   | Killed a greater mummy
 76040 | Tomb:1   | Killed a greater mummy
 76052 | Tomb:1   | Killed a greater mummy
 76111 | Tomb:1   | Noticed a greater mummy
 76119 | Tomb:1   | Killed a greater mummy
 76193 | Tomb:1   | Noticed Punkdog's ghost (legendary MiFi)
 76235 | Tomb:1   | Noticed a greater mummy
 76235 | Tomb:1   | Killed Punkdog's ghost
 76245 | Tomb:1   | Killed a greater mummy
 76360 | Tomb:1   | Noticed a greater mummy
 76360 | Tomb:1   | Noticed a greater mummy
 76363 | Tomb:1   | Noticed a greater mummy
 76365 | Tomb:1   | Noticed a greater mummy
 76369 | Tomb:1   | Noticed a greater mummy
 76370 | Tomb:1   | Killed a greater mummy
 76377 | Tomb:1   | Killed a greater mummy
 76619 | Tomb:1   | Killed a greater mummy
 76632 | Tomb:1   | Killed a greater mummy
 76738 | Tomb:1   | Killed a greater mummy
 76771 | Tomb:1   | Noticed a greater mummy
 76782 | Tomb:1   | Killed a greater mummy
 76907 | Tomb:1   | Noticed a greater mummy
 76922 | Tomb:1   | Killed a greater mummy
 76962 | Tomb:1   | Noticed a greater mummy
 76973 | Tomb:1   | Killed a greater mummy
 76978 | Tomb:1   | Noticed a greater mummy
 76985 | Tomb:1   | Noticed a greater mummy
 76989 | Tomb:1   | Killed a greater mummy
 77061 | Tomb:1   | Killed a greater mummy
 77130 | Tomb:1   | Noticed a greater mummy
 77142 | Tomb:1   | Killed a greater mummy
 77145 | Tomb:1   | Noticed a greater mummy
 77157 | Tomb:1   | Noticed a greater mummy
 77158 | Tomb:1   | Killed a greater mummy
 77169 | Tomb:1   | Killed a greater mummy
 77181 | Tomb:1   | Noticed a greater mummy
 77182 | Tomb:1   | Noticed a greater mummy
 77192 | Tomb:1   | Killed a greater mummy
 77197 | Tomb:1   | Noticed a greater mummy
 77398 | Tomb:1   | Killed a greater mummy
 77420 | Tomb:1   | Killed a greater mummy
 77677 | Tomb:2   | Gained mutation: A powerful demonic guardian rushes to your aid. [demonic ancestry]
 77677 | Tomb:2   | Reached XP level 27. HP: 185/189 MP: 31/32
 77770 | Tomb:3   | Entered Level 3 of the Tomb of the Ancients
 77787 | Tomb:3   | Noticed a greater mummy
 78014 | Tomb:2   | Killed a greater mummy
 78157 | Tomb:3   | Noticed a greater mummy
 78435 | Tomb:2   | Killed a greater mummy
 78501 | Tomb:3   | Noticed a greater mummy
 78780 | Tomb:2   | Killed a greater mummy
 79027 | Tomb:3   | Noticed a greater mummy
 79049 | Tomb:3   | Killed a greater mummy
 79216 | Tomb:3   | Noticed a greater mummy
 79245 | Tomb:3   | Killed a greater mummy
 79322 | Tomb:3   | Got a shimmering ivory ring
 79377 | Tomb:3   | Got a twitching bronze ring
 79378 | Tomb:3   | Identified Sif Muna's Volume of the Noxious Voyage
 79381 | Tomb:3   | Identified Nixakir's Collected Works on Evil
 79386 | Tomb:3   | Got a scintillating bronze ring
 79406 | Tomb:3   | Identified the ring of Qic Vues {AC+1 Str+4 Stlth+} (You found it on level 3 of the Tomb of the Ancients)
 79408 | Tomb:3   | Identified the cursed ring of the Many Nights {AC-3 Str+4} (You found it on level 3 of the Tomb of the Ancients)
 79410 | Tomb:3   | Identified the ring of Vysocw {rF- rN+ MP+9 Dex+5} (You found it on level 3 of the Tomb of the Ancients)
 79421 | Tomb:3   | Noticed a greater mummy
 79430 | Tomb:3   | Killed a greater mummy
 79437 | Tomb:3   | Got a bloodstained war axe
 79438 | Tomb:3   | Identified the +12 war axe of a wizard's laboratory {freeze, rElec rN+ Str+4} (You found it on level 3 of the Tomb of the Ancients)
 79574 | Tomb:3   | Noticed a greater mummy
 79588 | Tomb:3   | Killed a greater mummy
 79944 | Tomb:3   | Noticed a greater mummy
 79958 | Tomb:3   | Killed a greater mummy
 80030 | Tomb:3   | Got a golden rune of Zot
 80076 | Tomb:3   | Noticed a greater mummy
 80087 | Tomb:3   | Killed a greater mummy
 80696 | Depths:1 | Entered Level 1 of the Depths
 80765 | Depths:1 | Noticed Saint Roka
 80774 | Depths:1 | Noticed Bai Suzhen
 80779 | Depths:1 | Killed Saint Roka
 80791 | Depths:1 | Killed Bai Suzhen
 80801 | Depths:1 | Noticed Sojobo
 80823 | Depths:1 | Killed Sojobo
 80991 | Depths:1 | Found a gateway to Hell.
 81277 | Depths:1 | Found a one-way gate leading to the halls of Pandemonium.
 82425 | Depths:2 | Reached skill level 27 in Axes
 83028 | Depths:3 | Got a pitted broad axe
 83029 | Depths:3 | Identified the +6 broad axe of Equomp {flame, rC+ Str+3 Int-2 Dex+9} (You found it on level 3 of the Depths)
 83057 | Depths:3 | Found an iron altar of Okawaru.
 83144 | Depths:3 | Got a pair of spiked boots
 83155 | Depths:3 | Identified the +2 pair of boots of Juabrock {Regen+ Str+5 Dex-5 SInv} (You found it on level 3 of the Depths)
 83496 | Depths:4 | Found a one-way gate to the infinite horrors of the Abyss.
 84049 | Depths:4 | Found a gateway to a ziggurat.
 84324 | Depths:4 | Noticed an ancient lich
 84330 | Depths:4 | Killed an ancient lich
 84883 | Zig:1    | Entered Level 1 of a ziggurat
 84899 | Zig:2    | Entered Level 2 of a ziggurat
 84961 | Zig:3    | Entered Level 3 of a ziggurat
 85003 | Zig:4    | Entered Level 4 of a ziggurat
 85025 | Zig:4    | Identified the Handbook of Malediction and the Compass
 85035 | Zig:5    | Entered Level 5 of a ziggurat
 85069 | Zig:6    | Entered Level 6 of a ziggurat
 85100 | Zig:6    | Identified the Volume of Creative Execration
 85116 | Zig:7    | Entered Level 7 of a ziggurat
 85159 | Zig:8    | Entered Level 8 of a ziggurat
 85200 | Zig:8    | Got a pitted jade ring
 85219 | Zig:8    | Identified the ring of Greed {rPois Str+3} (You found it on level 8 of a ziggurat)
 85225 | Zig:9    | Entered Level 9 of a ziggurat
 85230 | Zig:9    | Noticed a juggernaut
 85234 | Zig:9    | Noticed a juggernaut
 85241 | Zig:9    | Killed a juggernaut
 85249 | Zig:9    | Killed a juggernaut
 85295 | Zig:10   | Entered Level 10 of a ziggurat
 85304 | Zig:10   | Noticed Pieblusch the pandemonium lord
 85305 | Zig:10   | Noticed Hofria the pandemonium lord
 85334 | Zig:10   | Killed Pieblusch the pandemonium lord
 85337 | Zig:10   | Killed Hofria the pandemonium lord
 85360 | Zig:10   | Got a twitching jade ring
 85362 | Zig:10   | Identified the ring "Edghilamp" {-Tele rPois EV+3 Int+7 Dex+3} (You found it on level 10 of a ziggurat)
 85369 | Zig:11   | Entered Level 11 of a ziggurat
 85414 | Zig:11   | Got an ancient silver ring
 85440 | Zig:11   | Identified the ring of the Lily {*Slow rElec rPois Int+5} (You found it on level 11 of a ziggurat)
 85445 | Zig:12   | Entered Level 12 of a ziggurat
 85610 | Zig:13   | Entered Level 13 of a ziggurat
 85756 | Zig:14   | Entered Level 14 of a ziggurat
 85834 | Zig:14   | Got a scintillating garnet amulet
 85841 | Zig:14   | Identified the amulet of Ceteucy {*Corrode rN+ Regen+ SInv} (You found it on level 14 of a ziggurat)
 85906 | Zig:15   | Entered Level 15 of a ziggurat
 86000 | Zig:16   | Entered Level 16 of a ziggurat
 86086 | Zig:16   | Got a slimy iron ring
 86091 | Depths:4 | Identified the ring "Posuijui" {*Drain rN++ MP+9 Int+3} (You found it on level 16 of a ziggurat)
 86180 | Depths:5 | Entered Level 5 of the Depths
 86180 | Depths:5 | Noticed a juggernaut
 86188 | Depths:5 | Killed a juggernaut
 86374 | Depths:5 | Gained mutation: You have sharp toenails. [mutagenic meat]
 86375 | Depths:5 | Gained mutation: Your system is resistant to poisons. (rPois) [mutagenic meat]
 86376 | Depths:5 | Gained mutation: Your magical capacity is low. (-10% MP) [mutagenic meat]
 86405 | Depths:5 | Found Sastob's General Store.
 86420 | Depths:5 | Bought the ring "Ejacom" {rN+ AC+3 Slay+3} for 1030 gold pieces
 86538 | Depths:5 | Found a gate to the Realm of Zot.
 86600 | Depths:5 | Found Hoasiyck's Book Emporium.
 86755 | Depths:5 | Found a glowing golden altar of the Shining One.
 86868 | Depths:5 | Found Iruibut's General Store.
 87070 | Depths:5 | Found Edeubb's Gadget Shoppe.
 87077 | Depths:5 | Found Vapuiske's Armour Emporium.
 87217 | Zot:1    | Entered Level 1 of the Realm of Zot
 89218 | Zot:2    | Noticed an ancient lich
 89226 | Zot:2    | Killed an ancient lich
 90712 | Zot:4    | Found a shimmering altar of Xom.
 90714 | Zot:4    | Gained mutation: Your body sometimes deteriorates upon taking damage. [a neqoxec]
 90721 | Zot:4    | Identified the Papyrus of Fire and Brimstone
 90735 | Zot:4    | Identified the Catalogue of the Zealot
 90827 | Zot:4    | Got a scorched steel amulet
 91263 | Zot:5    | Entered Level 5 of the Realm of Zot
 91709 | Zot:5    | Identified the amulet "Olehur" {+Rage rN++ MR+ Str+4 Dex-2} (You took it off a white draconian on level 4 of the Realm of Zot)
 91901 | Zot:5    | Noticed an ancient lich
 91908 | Zot:5    | Killed an ancient lich
 91908 | Zot:5    | Reached skill level 1 in Evocations
 92059 | Hell     | Entered the Vestibule of Hell
 92066 | Hell     | Noticed Geryon
 92085 | Hell     | Killed Geryon
 92179 | Hell     | Reached skill level 5 in Evocations
 92241 | Hell     | Found a gateway to the Iron City of Dis.
 92380 | Hell     | Found a gateway to the decaying netherworld of Tartarus.
 92459 | Hell     | Found a gateway to the freezing wastes of Cocytus.
 92529 | Hell     | Found a gateway to the ashen valley of Gehenna.
 92576 | Tar:1    | Entered Level 1 of Tartarus
 93355 | Tar:7    | Entered Level 7 of Tartarus
 93854 | Tar:7    | Reached skill level 10 in Evocations
 94215 | Tar:7    | Got a steaming copper ring
 94216 | Tar:7    | Identified the ring "Rayzud" {rF+ Dex+2} (You found it on level 7 of Tartarus)
 94674 | Tar:7    | Noticed Ereshkigal
 95108 | Tar:7    | Killed Ereshkigal
 95130 | Tar:7    | Got a bone rune of Zot
 95411 | Dis:1    | Entered Level 1 of the Iron City of Dis
 96409 | Dis:6    | Gained mutation: Your magical capacity is very low. (-20% MP) [mutagenic glow]
 96426 | Dis:7    | Entered Level 7 of the Iron City of Dis
 96833 | Dis:7    | Reached skill level 27 in Fighting
 96965 | Dis:7    | Gained mutation: You are weak. (Str -2) [a cacodemon]
 97009 | Dis:7    | Gained mutation: Your spells are a little easier to cast, but a little less powerful. [a cacodemon]
 98156 | Dis:7    | Reached skill level 15 in Evocations
 98508 | Dis:7    | Got a bloodstained helmet
 98519 | Dis:7    | Identified the +1 helmet of Xom's Reproof {Str+4 Int-3 SInv} (You found it on level 7 of the Iron City of Dis)
 99023 | Dis:7    | Noticed Dispater
 99062 | Dis:7    | Killed Dispater
 99096 | Dis:7    | Identified the Collected Works on Unstable Poison
 99098 | Dis:7    | Got an iron rune of Zot
 99282 | Coc:1    | Entered Level 1 of Cocytus
 99429 | Coc:1    | You fall through a shaft!
 99597 | Coc:5    | Gained mutation: You occasionally shout uncontrollably at your foes. [mutagenic glow]
 99849 | Coc:7    | Entered Level 7 of Cocytus
100284 | Coc:7    | Got an icy rune of Zot
100286 | Coc:7    | Noticed Antaeus
100336 | Coc:7    | Killed Antaeus
100352 | Coc:7    | Identified Reruga's Catalogue of Scorching Flight
100365 | Coc:7    | Got a vibrating iron ring
100373 | Coc:7    | Identified the ring "Veytril" {Ice MR+} (You found it on level 7 of Cocytus)
100767 | Coc:7    | Got a crude helmet
100768 | Coc:7    | Identified the cursed -3 helmet of Wawarch {Str-3 Int+5} (You found it on level 7 of Cocytus)
100942 | Hell     | Lost mutation: You have sharp toenails. [potion of cure mutation]
100942 | Hell     | Lost mutation: Your magical capacity is very low. (-20% MP) [potion of cure mutation]
100942 | Hell     | Lost mutation: You occasionally shout uncontrollably at your foes. [potion of cure mutation]
100943 | Hell     | Lost mutation: Your magical capacity is low. (-10% MP) [potion of cure mutation]
100943 | Hell     | Lost mutation: Your body sometimes deteriorates upon taking damage. [potion of cure mutation]
100943 | Hell     | Lost mutation: You are weak. (Str -2) [potion of cure mutation]
100943 | Hell     | Lost mutation: Your spells are a little easier to cast, but a little less powerful. [potion of cure mutation]
100944 | Hell     | Gained mutation: You passively map a small area around you. [potion of beneficial mutation]
100947 | Geh:1    | Entered Level 1 of Gehenna
101468 | Geh:3    | Reached skill level 27 in Shields
101635 | Geh:4    | Reached skill level 27 in Armour
101805 | Geh:5    | Reached skill level 1 in Spellcasting
102193 | Geh:7    | Entered Level 7 of Gehenna
102251 | Geh:7    | Reached skill level 15 in Invocations
102323 | Geh:7    | Reached skill level 5 in Spellcasting
102893 | Geh:7    | Identified the cursed +2 broad axe "Meut" {elec, rC+ rN++ Str+4} (You found it on level 7 of Gehenna)
102941 | Geh:7    | Noticed the Serpent of Hell
102958 | Geh:7    | Killed from afar by a quicksilver dragon

Skill      XL: |  1  2  3  4  5  6  7  8  9 10 11 12 13 14 15 16 17 18 19 20 21 22 23 24 25 26 27 |
---------------+----------------------------------------------------------------------------------+-----
Axes           | 2 3 4 5 7 8 10 11 12 13 14 15 17 18 19 20 21 22 23 24 25 26 27 | 27.0
Shields        | 3 4 5 6 7 8 9 10 11 12 13 14 15 16 17 18 19 27 | 27.0
Armour         | 3 4 5 6 7 8 9 10 11 12 13 14 15 16 17 18 19 27 | 27.0
Fighting       | 4 5 7 8 9 10 11 12 13 14 15 16 17 18 19 20 21 27 | 27.0
Invocations    | 1 5 8 9 11 12 17 | 17.2
Evocations     | 19 | 19.0
Spellcasting   | 6 |  6.9

Action                   |  1- 3 |  4- 6 |  7- 9 | 10-12 | 13-15 | 16-18 | 19-21 | 22-24 | 25-27 || total
-------------------------+-------+-------+-------+-------+-------+-------+-------+-------+-------++-------
Melee: War axe           |   151 |   159 |   371 |   873 |   784 |       |       |       |   846 ||  3184
       Whip              |       |       |     6 |       |       |       |       |       |       ||     6
       Scimitar          |       |       |       |       |    23 |       |       |       |       ||    23
       Broad axe         |       |       |       |       |   696 |  1531 |  1403 |  1515 |  5570 || 10715
       Headbutt          |       |       |       |       |    30 |   345 |   360 |   390 |    44 ||  1169
       Demon trident     |       |       |       |       |       |   148 |    22 |       |       ||   170
Invok: Recall Ancestor   |       |     1 |       |     2 |     9 |     2 |     4 |     4 |    32 ||    54
       Ancestor Life: Kn |       |     1 |       |       |       |       |       |       |       ||     1
       Transference      |       |       |       |       |     3 |       |       |       |    10 ||    13
       Idealise          |       |       |       |       |     1 |       |       |       |       ||     1
       Ancestor Identity |       |       |       |       |     1 |       |       |       |       ||     1
 Abil: Evoke Berserk Rag |       |       |       |       |       |       |       |       |     2 ||     2
Evoke: Phial of floods   |       |       |       |     1 |     1 |       |       |       |       ||     2
       Wand              |       |       |       |       |     6 |     2 |     4 |     2 |    20 ||    34
       Lamp of fire      |       |       |       |       |       |     2 |       |     1 |       ||     3
  Use: Scroll            |       |       |    20 |     8 |    11 |    10 |    14 |    20 |    37 ||   120
       Potion            |       |       |       |     5 |    15 |    11 |     1 |     3 |    28 ||    63
 Stab: Distracted        |       |       |     2 |     5 |    18 |    16 |    17 |    27 |   114 ||   199
       Invisible         |       |       |       |       |     4 |       |       |       |       ||     4
       Held in net/web   |       |       |       |       |       |     1 |       |       |       ||     1
       Petrifying        |       |       |       |       |       |       |     2 |       |       ||     2
       Paralysed         |       |       |       |       |       |       |       |       |     3 ||     3
       Confused          |       |       |       |       |       |       |       |       |     2 ||     2
  Eat: Chunk             |     2 |     4 |    12 |    24 |    44 |    34 |     8 |     5 |    12 ||   145
       Pizza             |       |     1 |       |       |     1 |     2 |     2 |       |     2 ||     8
       Royal jelly       |       |       |     1 |     2 |       |     2 |     1 |     4 |     6 ||    16
       Beef jerky        |       |       |     1 |     1 |     7 |     1 |     4 |       |     5 ||    19
       Fruit             |       |       |       |     3 |     1 |       |       |     7 |     8 ||    19
       Bread ration      |       |       |       |       |       |     4 |     3 |     4 |    17 ||    28
       Meat ration       |       |       |       |       |       |       |       |       |     1 ||     1
Armor: Scale mail        |    81 |     8 |   132 |   146 |       |       |       |       |       ||   367
       Chain mail        |       |    69 |    46 |       |       |       |       |       |       ||   115
       Plate armour      |       |       |       |   311 |   795 |   753 |   233 |       |       ||  2092
       Gold dragon scale |       |       |       |       |       |       |   314 |   466 |  2414 ||  3194
Dodge: Dodged            |    51 |    38 |   101 |   188 |   275 |   353 |   109 |    83 |   635 ||  1833
Block: Shield            |    85 |    82 |   195 |   494 |   879 |  1027 |    25 |       |       ||  2787
       Large shield      |       |       |       |       |   115 |       |  1013 |  1325 |  6534 ||  8987
       Rpst.: Scimitar   |       |       |       |       |     1 |       |       |       |       ||     1
